 Dungeon Crawl Stone Soup version 0.21-a0-227-g58a7c62 (webtiles) character file.

2832 tidbits the Fighter (level 9, 0/94 HPs)
             Began as a Demigod Wanderer on Aug 30, 2017.
             Slain by Ijustatesigmund's ghost (10 damage)
             ... on level 8 of the Dungeon.
             The game lasted 00:32:34 (3850 turns).

tidbits the Fighter (Demigod Wanderer)              Turns: 3850, Time: 00:32:35

Health: 0/94       AC:  9    Str: 15    XL:     9   Next: 22%
Magic:  20/41      EV: 14    Int: 17    God:
Gold:   70         SH:  0    Dex: 21    Spells: 9/11 levels left

rFire    . . .     SeeInvis .   I - +4 war axe
rCold    + . .     Gourm    .   (no shield)
rNeg     . . .     Faith    .   B - +1 ring mail
rPois    +         Spirit   .   (no helmet)
rElec    .         Reflect  .   C - +1 cloak
rCorr    .         Harm     .   G - +0 pair of gloves of Yvom Vekh {rPois rC+ MP+9 Dex+3}
MR       .....                  (no boots)
Stlth    +.........             (no amulet)
HPRegen  0.25/turn              z - ring of magical power
MPRegen  0.27/turn              N - ring of magical power

@: drained
A: high mp 1, mutation resistance 1, robust 1, weak 1
a: no special abilities


You were on level 8 of the Dungeon.
You were very hungry.

You visited 1 branch of the dungeon, and saw 8 of its levels.
You also visited: Sewer.

You collected 298 gold pieces.
You spent 228 gold pieces at shops.

Inventory:

Hand Weapons
 a - a +0 quarterstaff
 b - a +2 blowgun
 v - a +1 dagger of venom
   (You found it on level 1 of the Dungeon)
 y - a +0 great sword
 H - a +0 dagger of flaming
   (You took it off an orc wizard on level 4 of the Dungeon)
 I - a +4 war axe (weapon)
 R - a +0 war axe
 V - a +1 whip of holy wrath
   (You took it off a gnoll on level 6 of the Dungeon)
Missiles
 h - 148 stones
 l - 30 arrows
 m - 46 sling bullets
 n - a throwing net {!f}
 p - 4 curare-tipped needles
 X - 4 tomahawks (quivered)
 Z - 5 needles of frenzy
Armour
 e - a +0 robe
 i - a +0 leather armour
 s - a +0 chain mail
 B - a +1 ring mail (worn)
 C - a +1 cloak (worn)
 F - a +0 leather armour of positive energy
   (You took it off Duvessa on level 4 of the Dungeon)
 G - the +0 pair of gloves of Yvom Vekh (worn) {rPois rC+ MP+9 Dex+3}
   (You found it on level 5 of the Dungeon)

   It affects your dexterity (+3).
   It protects you from cold.
   It protects you from poison.
   It affects your magic capacity (+9).
 M - a cursed +0 leather armour
 W - a +0 plate armour
Jewellery
 j - an uncursed ring of teleportation
   (You found it on level 2 of the Dungeon)
 z - a ring of magical power (left hand)
   (You found it on level 2 of the Dungeon)
 N - a ring of magical power (right hand)
   (You found it on level 6 of the Dungeon)
 P - an uncursed ring of ice
   (You found it on level 5 of the Dungeon)
 Q - an uncursed ring of fire
   (You found it on level 4 of the Dungeon)
Wands
 D - a wand of lightning (4/15)
 J - a wand of acid (13/15)
 S - a wand of confusion (24/48)
 Y - a wand of flame (28/48)
Scrolls
 k - a scroll of blinking
 r - 3 scrolls of remove curse
 t - 2 scrolls of immolation {unknown}
 u - 5 scrolls of amnesia
 x - 3 scrolls of teleportation
 K - a scroll of summoning
 L - a scroll of random uselessness {unknown}
 O - a scroll of enchant weapon {unknown}
Potions
 c - 4 potions of cancellation
 d - 5 potions of curing
 g - a potion of magic
 o - 2 potions of haste {unknown}
 A - 2 potions of brilliance
 E - a potion of mutation {!q}
 T - 2 potions of agility {unknown}
 U - a potion of flight {unknown}
Books
 q - a book of Changes
   (You found it on level 8 of the Dungeon)

   Spells                             Type                      Level
   a - Beastly Appendage              Transmutation                1
   b - Sticks to Snakes               Transmutation                2
   c - Spider Form                    Transmutation/Poison         3
   d - Ice Form                       Ice/Transmutation            4
   e - Blade Hands                    Transmutation                5
Comestibles
 f - 3 bread rations
 w - 3 meat rations


   Skills:
 - Level 10.4(10.1) Fighting
 - Level 1.6(1.4) Axes
 - Level 1.7(1.4) Staves
 - Level 1.0(0.7) Throwing
 - Level 4.8(4.5) Dodging
 - Level 1.0(0.7) Stealth
 + Level 1.6(1.3) Spellcasting
   Level 3.6(3.3) Summonings
 + Level 1.2(0.9) Transmutations


You had 9 spell levels left.
You knew the following spells:

 Your Spells              Type           Power        Failure   Level  Hunger
k - Sticks to Snakes      Tmut           #.......     38%         2    ###....


Dungeon Overview and Level Annotations

Branches:
Dungeon (8/15)             Temple (0/1) D:6
   Lair: D:8-11

Shops:
D:6 ?

Annotations:
D:6 1 runed door
D:8 Ijustatesigmund's ghost, novice FoFi


Innate Abilities, Weirdness & Mutations

You have an increased reservoir of magic. (+10% MP)
You are somewhat resistant to further mutation.
You are robust. (+10% HP)
You are weak. (Str -2)


Message History

The eye of draining is almost dead.
You hit the black bear.
Your ball python bites the eye of draining but does no damage.
Your ball python constricts the eye of draining.
The black bear closely misses you.
The black bear claws you but does no damage. x2
Your ball python bites the eye of draining but does no damage.
Your ball python constricts the eye of draining.
The eye of draining gazes at your ball python.
Ijustatesigmund's ghost (novice Formicid Fighter) comes into view.
It is wielding a weapon of electrocution.
You slash the black bear!
You kill the black bear!
You catch the helpless eye of draining completely off-guard!
You hit the eye of draining.
Your ball python bites the eye of draining.
Your ball python constricts the eye of draining.
Unknown command.
You hit the eye of draining.
The eye of draining is almost dead.
Your ball python bites the eye of draining but does no damage.
Your ball python constricts the eye of draining.
Your ball python bites the eye of draining but does no damage.
Your ball python constricts the eye of draining.
The eye of draining gazes at you.
You feel your power leaking away.
You slash the eye of draining!
You kill the eye of draining!
Your base Transmutations skill increases to level 1!
Ijustatesigmund's ghost hits you.
* * * LOW HITPOINT WARNING * * *
Your ball python bites Ijustatesigmund's ghost.
Press: ? - help, v - describe, . - travel
Here: Ijustatesigmund's ghost, wielding a weapon of electrocution (lightly damaged)
The floor.
Press: ? - help, v - describe, . - travel
Here: Ijustatesigmund's ghost, wielding a weapon of electrocution (lightly damaged)
The floor.
Your ball python completely misses Ijustatesigmund's ghost.
There is an open door here.
Ijustatesigmund's ghost says, "You will never get the ORB!"
Evoke which item? (* to show all) (? for menu, Esc to quit)
Aiming: Corrosive Bolt
Press: ? - help, Shift-Dir - straight line
Okay, then.
Evoke which item? (* to show all) (? for menu, Esc to quit)
Aiming: Lightning Bolt
Press: ? - help, Shift-Dir - straight line You hear a mighty clap of thunder!
The bolt of lightning hits Ijustatesigmund's ghost.
Ijustatesigmund's ghost is lightly damaged.
The bolt of lightning hits Ijustatesigmund's ghost.
Ijustatesigmund's ghost is lightly damaged.
This wand has 8 charges left.
You hear a shout! x4; You hear a loud, deep croak!
You hear a shout! x3
Ijustatesigmund's ghost hits you but does no damage.
Evoke which item? (* to show all) (? for menu, Esc to quit)
Aiming: Lightning Bolt
Press: ? - help, Shift-Dir - straight line You hear a mighty clap of thunder!
The bolt of lightning misses Ijustatesigmund's ghost.
The bolt of lightning hits Ijustatesigmund's ghost.
Ijustatesigmund's ghost is moderately damaged.
This wand has 7 charges left.
You hear a loud, deep croak!
Ijustatesigmund's ghost hits you.
* * * LOW HITPOINT WARNING * * *
Evoke which item? (* to show all) (? for menu, Esc to quit)
Aiming: Lightning Bolt
Press: ? - help, Shift-Dir - straight line You hear a mighty clap of thunder!
The bolt of lightning hits Ijustatesigmund's ghost.
Ijustatesigmund's ghost is moderately damaged.
The bolt of lightning hits Ijustatesigmund's ghost.
Ijustatesigmund's ghost is heavily damaged.
This wand has 6 charges left.
You hear a shout! x2
Ijustatesigmund's ghost closely misses you.
Evoke which item? (* to show all) (? for menu, Esc to quit)
Aiming: Lightning Bolt
Press: ? - help, Shift-Dir - straight line You hear a mighty clap of thunder!
The bolt of lightning misses Ijustatesigmund's ghost. x2
This wand has 5 charges left.
You hear a shout!
Ijustatesigmund's ghost hits you!
* * * LOW HITPOINT WARNING * * *
You are electrocuted!
* * * LOW HITPOINT WARNING * * *
Okay, then.
Evoke which item? (* to show all) (? for menu, Esc to quit)
Aiming: Lightning Bolt
Press: ? - help, Shift-Dir - straight line You hear a mighty clap of thunder!
The bolt of lightning misses Ijustatesigmund's ghost.
The bolt of lightning hits Ijustatesigmund's ghost.
Ijustatesigmund's ghost is heavily damaged.
This wand has 4 charges left.
You hear a shout!
Ijustatesigmund's ghost hits you!
You die...

#....#.............#+#
#....#................
#....#)...............
##....#................
.....))................
.....)#....†........#
......#####'##......#
....... ####.####.#
.......+ ##.#@[# #
##.##### +..W(.# #.
.##+#..#+##.# ..
.............# ..
.........S...#
..##+#..#+##.# . +..+ #
#..# ##.#


You could see Ijustatesigmund's ghost.

Vanquished Creatures
  Prince Ribbit (D:7)
  Menkaure (D:5)
  Duvessa (D:4)
  A black bear (D:8)
  An orc warrior (D:6)
  An ice beast (D:7)
  A phantom (D:4)
  An eye of draining (D:8)
  2 ogres
  The ghost of Goblin1989 the Sneak, an amateur DsAs (D:3)
  10 big kobolds (Sewer)
  A bullfrog (D:6)
  Dowan (D:4)
  3 scorpions
  5 wights (D:8)
  2 crimson imps
  2 hounds (D:4)
  Terence (D:2)
  2 iguanas (D:6)
  2 orc wizards (D:4)
  4 worker ants
  9 adders
  2 gnolls
  An ooze (Sewer)
  An adder skeleton (D:6)
  3 worms
  2 dart slugs (D:1)
  5 leopard geckos
  12 orcs
  3 ball pythons (Sewer)
  6 giant cockroaches
  4 goblins
  6 hobgoblins
  3 jackals (D:2)
  2 quokkas
  9 bats
  3 frilled lizards
  12 kobolds
  A quokka skeleton (D:4)
  15 rats
143 creatures vanquished.

Vanquished Creatures (others)
  5 toadstools (D:1)
5 creatures vanquished.

Grand Total: 148 creatures vanquished

Notes
Turn   | Place    | Note
-------+----------+-------------------------------------------
     0 | D:1      | tidbits the Demigod Wanderer began the quest for the Orb.
     0 | D:1      | tidbits set off with: 4 curare-tipped needles, a +2 blowgun, a +0 quarterstaff, a potion of curing, a +0 robe, a bread ration
     0 | D:1      | Reached XP level 1. HP: 14/14 MP: 4/4
   138 | D:2      | Reached skill level 1 in Fighting
   228 | D:2      | Reached XP level 2. HP: 20/24 MP: 5/5
   237 | D:2      | Noticed Terence
   257 | D:2      | Killed Terence
   257 | D:2      | Reached skill level 2 in Fighting
   257 | D:2      | Reached XP level 3. HP: 28/30 MP: 6/6
   421 | D:4      | Reached skill level 3 in Fighting
   626 | D:1      | Reached XP level 4. HP: 38/38 MP: 8/8
   879 | D:4      | Reached skill level 4 in Fighting
   904 | D:4      | Found an opulent altar of Gozag.
   920 | D:4      | Reached XP level 5. HP: 26/47 MP: 9/9
  1010 | D:4      | Noticed an ogre
  1019 | D:4      | Killed an ogre
  1019 | D:4      | Reached skill level 5 in Fighting
  1057 | D:4      | Noticed Duvessa
  1059 | D:4      | Noticed Dowan
  1066 | D:4      | Killed Duvessa
  1066 | D:4      | Reached XP level 6. HP: 30/57 MP: 10/10
  1075 | D:4      | Killed Dowan
  1075 | D:4      | Reached skill level 6 in Fighting
  1324 | D:3      | Noticed Goblin1989's ghost (amateur DsAs)
  1350 | D:3      | Killed Goblin1989's ghost
  1350 | D:3      | Reached skill level 2 in Dodging
  1606 | D:4      | Found a bloodstained altar of Trog.
  1638 | D:4      | Reached skill level 3 in Dodging
  1638 | D:4      | Reached XP level 7. HP: 18/63 MP: 11/11
  1773 | D:4      | Reached skill level 4 in Dodging
  1818 | D:5      | Entered Level 5 of the Dungeon
  1838 | D:5      | Noticed Menkaure
  1849 | D:5      | Gained mutation: You are robust. (+10% HP) [potion of mutation]
  1849 | D:5      | Gained mutation: You are weak. (Str -2) [potion of mutation]
  1849 | D:5      | Gained mutation: You are somewhat resistant to further mutation. [potion of mutation]
  1855 | D:5      | Killed Menkaure
  2064 | D:5      | Got a pair of warped gloves
  2072 | D:5      | Identified the cursed +0 pair of gloves of Yvom Vekh {rPois rC+ MP+9 Dex+3} (You found it on level 5 of the Dungeon)
  2335 | D:6      | Reached skill level 7 in Fighting
  2417 | D:6      | Reached XP level 8. HP: 41/80 MP: 12/12
  2482 | D:6      | HP: 7/80 [iguana (10)]
  2540 | D:6      | Found a glowing golden altar of the Shining One.
  2540 | D:6      | Noticed an angel
  2541 | D:6      | Found a runed door.
  2636 | D:6      | Found Elidd's Magic Scroll Boutique.
  2644 | D:6      | Bought a scroll of identify for 24 gold pieces
  2644 | D:6      | Bought a scroll of blinking for 90 gold pieces
  2644 | D:6      | Bought a scroll of summoning for 114 gold pieces
  2651 | D:6      | Found a hide-covered altar of Uskayaw.
  2799 | D:6      | Found a glowing drain.
  2803 | Sewer    | Entered a sewer
  2841 | Sewer    | Reached skill level 8 in Fighting
  3121 | Sewer    | Reached skill level 9 in Fighting
  3472 | D:6      | Found a staircase to the Ecumenical Temple.
  3491 | D:6      | Found a radiant altar of Vehumet.
  3700 | D:7      | Noticed Prince Ribbit
  3709 | D:7      | Killed Prince Ribbit
  3709 | D:7      | Reached skill level 10 in Fighting
  3709 | D:7      | Reached XP level 9. HP: 93/93 MP: 13/13
  3788 | D:8      | Reached skill level 1 in Axes
  3825 | D:8      | Learned a level 2 spell: Sticks to Snakes
  3840 | D:8      | Noticed Ijustatesigmund's ghost (novice FoFi)
  3842 | D:8      | Reached skill level 1 in Transmutations
  3850 | D:8      | Slain by Ijustatesigmund's ghost

Vault maps used:
D:1:      ldierk_walled_garden
D:2:      minmay_diamond_boxcup, lemuel_coloured_pillars_altar, first_bread,
          uniq_terence, uniq_jessica
D:4:      lightli_temple_of_fire, old_standard_altar, grunt_ministairs_8,
          uniq_duvessa
D:5:      uniq_menkaure
D:6:      good_gods_mini_temple, grunt_temple_overflow_growth_and_decay,
          nicolae_overflow_hidden_temple, minmay_temple_entry_glassed_door,
          gup_sewer_entry_spiral, serial_shops, nicolae_shop_crystal,
          lemuel_angel_altar
D:7:      the_bakery, nemelex_altar_shiori, uniq_prince_ribbit1
D:8:      minivault_10, uniq_pikel
Sewer:    sewer_co_tree

Skill      XL: |  1  2  3  4  5  6  7  8  9 |
---------------+----------------------------+-----
Fighting       | 1 2 3 4 5 6 7 10 | 10.4
Dodging        | 3 4 |  4.8
Axes           | 1 |  1.6
Transmutations | 1 |  1.2
Staves         | |  1.7
Throwing       | |  1.0
Stealth        | |  1.0
Spellcasting   | |  1.6
Summonings     | |  3.6

Action                   |  1- 3 |  4- 6 |  7- 9 || total
-------------------------+-------+-------+-------++-------
Melee: Quarterstaff      |    65 |    93 |   154 ||   312
       Dagger            |       |       |   205 ||   205
       War axe           |       |       |    24 ||    24
 Fire: Blowgun           |     5 |    20 |    13 ||    38
Throw: Stone             |       |     1 |     2 ||     3
       Tomahawk          |       |       |     5 ||     5
 Cast: Sticks to Snakes  |       |       |     2 ||     2
Evoke: Wand              |       |     2 |    10 ||    12
  Use: Scroll            |     1 |     5 |     9 ||    15
       Potion            |       |     2 |     2 ||     4
 Stab: Sleeping          |     1 |     2 |     1 ||     4
       Confused          |       |       |     1 ||     1
       Distracted        |       |       |     1 ||     1
  Eat: Chunk             |       |     2 |     6 ||     8
       Royal jelly       |       |       |     1 ||     1
Armor: Robe              |     4 |       |       ||     4
       Chain mail        |     2 |       |       ||     2
       Ring mail         |    14 |    12 |   111 ||   137
       Leather armour    |       |    26 |     7 ||    33
Dodge: Dodged            |    41 |    74 |   260 ||   375

Table legend:
 A = Spawn XP
 B = Non-spawn XP
 C = Spawn XP percentage of total XP
 D = Spawn monster count
 E = Non-spawn monster count
 F = Spawn count percentage of total count
 G = Total turns spent on level
                    A         B        C        D         E        F      G
               +---------+---------+-------+---------+---------+-------+---------
         Total |     156 |    3890 |   3.9 |       4 |     139 |   2.8 |  3850
               +---------+---------+-------+---------+---------+-------+---------
           D:1 |       0 |      23 |   0.0 |       0 |      11 |   0.0 |   288
           D:2 |       0 |      61 |   0.0 |       0 |      14 |   0.0 |   350
           D:3 |       2 |     158 |   1.2 |       1 |      20 |   4.8 |   489
           D:4 |     122 |     679 |  15.2 |       2 |      22 |   8.3 |   771
           D:5 |       0 |     380 |   0.0 |       0 |       9 |   0.0 |   557
           D:6 |       0 |     510 |   0.0 |       0 |      23 |   0.0 |   587
           D:7 |      32 |     446 |   6.7 |       1 |       3 |  25.0 |    86
           D:8 |       0 |     595 |   0.0 |       0 |       9 |   0.0 |   114
         Sewer |       0 |    1038 |   0.0 |       0 |      28 |   0.0 |   608
               +---------+---------+-------+---------+---------+-------+---------

Table legend:
 A = Turns spent in this place as a percentage of turns spent in the entire game.
 B = Non-inter-level travel turns spent in this place as a percentage of non-inter-level travel turns spent in the entire game.
 C = Inter-level travel turns spent in this place as a percentage of turns spent in this place.
 D = Turns resting spent in this place as a percentage of non-inter-level travel turns spent in this place.
 E = Turns spent auto-exploring this place as a percentage of non-inter-level travel turns spent in this place.
 F = Non-inter-level travel turns spent in this place divided by the number of levels of this place that you've seen.
                   A       B       C       D       E      F
               +-------+-------+-------+-------+-------+----------------------
         Total | 100.0 | 100.0 |   5.3 |   0.0 |   0.0 | 405.2
       Dungeon |  84.2 |  83.3 |   6.3 |   0.0 |   0.0 | 379.9
         Sewer |  15.8 |  16.7 |   0.0 |   0.0 |   0.0 | 608.0
               +-------+-------+-------+-------+-------+----------------------

Table legend:
 A = Kills in this place as a percentage of kills in entire the game.
 B = Kills by you in this place as a percentage of kills by you in the entire game.
 C = Kills by friends in this place as a percentage of kills by friends in the entire game.
 D = Other kills in this place as a percentage of other kills in the entire game.
 E = Experience gained in this place as a percentage of experience gained in the entire game.
 F = Experience gained in this place divided by the number of levels of this place that you have seen.
                   A       B       C       D       E      F
               +-------+-------+-------+-------+-------+----------------------
         Total | 100.0 | 100.0 |   N/A |   N/A | 100.0 | 449.6
       Dungeon |  80.4 |  80.4 |   N/A |   N/A |  74.3 | 376.0
         Sewer |  19.6 |  19.6 |   N/A |   N/A |  25.7 | 1038.0
               +-------+-------+-------+-------+-------+----------------------

Vault maps used:
D:1:      ldierk_walled_garden
D:2:      minmay_diamond_boxcup, lemuel_coloured_pillars_altar, first_bread,
          uniq_terence, uniq_jessica
D:4:      lightli_temple_of_fire, old_standard_altar, grunt_ministairs_8,
          uniq_duvessa
D:5:      uniq_menkaure
D:6:      good_gods_mini_temple, grunt_temple_overflow_growth_and_decay,
          nicolae_overflow_hidden_temple, minmay_temple_entry_glassed_door,
          gup_sewer_entry_spiral, serial_shops, nicolae_shop_crystal,
          lemuel_angel_altar
D:7:      the_bakery, nemelex_altar_shiori, uniq_prince_ribbit1
D:8:      minivault_10, uniq_pikel
Sewer:    sewer_co_tree
